 Dungeon Crawl Stone Soup version 0.29.1-1-gd02db6906a (webtiles) character file.

Game seed: 12426039819993747197

393 avis the Shooter (level 6, -1/51 HPs)
             Began as a Demigod Hunter on Sept 23, 2022.
             Slain by an ogre
             ... wielding a +0 giant club
              (29 damage)
             ... on level 3 of the Dungeon.
             The game lasted 00:20:22 (4793 turns).

avis the Shooter (Demigod Hunter)                   Turns: 4793, Time: 00:20:23

Health: -1/51      AC:  8    Str: 12    XL:     6   Next: 26%
Magic:  8/8        EV: 12    Int: 11    God:
Gold:   156        SH:  0    Dex: 25    Spells: 5/5 levels left

rFire   . . .      SeeInvis .   a - +0 long sword
rCold   . . .      Faith    .   (no shield)
rNeg    . . .      Spirit   .   q - +0 ring mail
rPois   .          Reflect  .   p - +0 helmet
rElec   .          Harm     .   (no cloak)
rCorr   .          Rampage  .   (no gloves)
Will    .....                   x - +1 pair of boots
Stlth   ++........              (no amulet)
HPRegen 0.17/turn               (no ring)
MPRegen 0.11/turn               (no ring)

@: no status effects
A: high MP 1, forlorn, divine attributes
a: no special abilities


You were on level 3 of the Dungeon.
You visited 1 branch of the dungeon, and saw 4 of its levels.

You collected 156 gold pieces.

Inventory:

Hand Weapons
 a - a +0 long sword (weapon)
 b - a +0 shortbow
 f - a +0 dagger
 n - a +0 sling
 y - a +0 sling
Missiles
 g - 5 poisoned darts
 t - 2 throwing nets
Armour
 c - a +0 leather armour
 p - a +0 helmet (worn)
 q - a +0 ring mail (worn)
 x - a +1 pair of boots (worn)
Magical Staves
 o - a staff of air
Scrolls
 d - 6 scrolls of identify {unknown}
 h - 2 scrolls of enchant weapon {unknown}
 i - a scroll of torment {unknown}
 j - 3 scrolls of amnesia {unknown}
 k - a scroll of acquirement {unknown}
 l - a scroll of butterflies {unknown}
 m - a scroll of magic mapping {unknown}
 r - a scroll of immolation
 s - a scroll of fear {unknown}
Potions
 e - a potion of magic {unknown}
 u - a potion of mutation {unknown}
 v - a potion of berserk rage {unknown}
 w - a potion of brilliance {unknown}


   Skills:
 - Level 3.0 Fighting
 + Level 2.2 Long Blades
 + Level 5.7 Ranged Weapons
 - Level 3.0 Dodging
 + Level 1.0 Stealth


You had 5 spell levels left.
You didn't know any spells.
Your spell library contained the following spells:

 Spells                   Type           Power      Damage    Failure   Level
 Poisonous Vapours        Pois/Air       0%         N/A       77%         2
 Corpse Rot               Necr/Pois/Air  0%         N/A       100%        4


Dungeon Overview and Level Annotations

Branches:
Dungeon (4/15)
 Temple: D:4-7

Annotations:
D:3 Pargi


Innate Abilities, Weirdness & Mutations

You have an increased reservoir of magic. (+10% MP)
You shall have no god before yourself.
Your divine heritage dramatically boosts your attributes as you level up.


Message History

An orc wizard comes into view. It is wielding a +0 dagger.
Fire: b) +0 shortbow
Press: ? - help, Q - select action, (/) - cycle Shift-Dir - straight line, f - orc wizard
Aim: an orc wizard, wielding a +0 dagger and wearing a +0 robe (wandering, hasn't noticed you, 61% to hit)
You shoot an arrow. The arrow barely misses the orc wizard.
The orc wizard shouts!
An orc wizard comes into view. It is wielding a +0 dagger.
Fire: b) +0 shortbow
Press: ? - help, Q - select action, (/) - cycle Shift-Dir - straight line, f/p - orc wizard
Aim: an orc wizard, wielding a +0 dagger and wearing a +0 robe (61% to hit)
You shoot an arrow. The arrow barely misses the orc wizard.
The orc wizard casts a spell at you. The puff of flame hits you.
An ogre comes into view. It is wielding a +0 giant club.
The orc wizard casts a spell.
The orc wizard flickers and vanishes!
Deactivating autopickup; reactivate with Ctrl-A.
The orc wizard mumbles some strange words.
The orc wizard flickers and vanishes!
Found 15 gold pieces.
Fire: b) +0 shortbow
Press: ? - help, Q - select action, (/) - cycle Shift-Dir - straight line, f - ogre
Aim: an ogre, wielding a +0 giant club (79% to hit)
You shoot an arrow. The arrow barely misses the ogre.
There is a stone staircase leading up here.
a - a +0 long sword (weapon)
The ogre hits you with a +0 giant club!!
You climb upwards.
Level annotation: Pargi Reactivating autopickup.
There is a stone staircase leading down here.
You barely miss the ogre. You hit the ogre.
The ogre is lightly wounded.
The ogre barely misses you.
You hit the ogre.
The ogre is lightly wounded.
The ogre hits you with a +0 giant club!!
Ouch! That really hurt!
You die...

#.##.# ####..#
#.##.# #.....#
#####.##.####.#...#
..........##.§.#§.#
.####.###.#§#.#.#.#
.# #.# #.§§§§§§..#
.# ##.#####§#§#§###
.###.#.#####§§(#.#
....###.....#§##@##
..##.#.###.....O..#
.................##
#.###.####.#.#####
#.# #.# #.#.# #.#
#.# #.#.#
#.###.####.#.#
#............#
.........#.###


You could see an ogre.

Vanquished Creatures
  A black bear (D:4)
  A phantom (D:4)
  A jelly (D:4)
  Robin (D:3)
  6 adders
  An ufetubus (D:4)
  2 worms (D:2)
  2 dart slugs
  4 orcs
  7 bats
  15 endoplasms
  3 giant cockroaches
  21 goblins
  8 hobgoblins
  3 jackals (D:2)
  7 kobolds
  5 quokkas
  5 ball pythons
  4 frilled lizards
  5 rats
102 creatures vanquished.

Notes
Turn   | Place    | Note
-------+----------+-------------------------------------------
     0 | D:1      | avis the Demigod Hunter began the quest for the Orb.
     0 | D:1      | Reached XP level 1. HP: 17/17 MP: 3/3
   310 | D:1      | Reached skill level 4 in Ranged Weapons
   310 | D:1      | Reached XP level 2. HP: 22/24 MP: 4/4
   809 | D:1      | Reached XP level 3. HP: 29/29 MP: 5/5
  2340 | D:2      | Reached XP level 4. HP: 35/37 MP: 6/6
  2944 | D:3      | Noticed Robin
  2970 | D:3      | Killed Robin
  2971 | D:3      | Reached skill level 5 in Ranged Weapons
  3694 | D:3      | Noticed Pargi
  4350 | D:4      | Reached XP level 5. HP: 45/45 MP: 7/7
  4383 | D:4      | Reached skill level 1 in Long Blades
  4563 | D:4      | Noticed a black bear
  4575 | D:4      | Killed a black bear
  4576 | D:4      | Reached XP level 6. HP: 36/51 MP: 8/8
  4734 | D:4      | Reached skill level 1 in Stealth
  4793 | D:3      | Slain by an ogre

Illustrated notes

Levels and vault maps discovered:
D:1:      wheals_arrival_linesprint, layout_basic, minmay_octomino_e4
D:2:      layout_basic, hellmonk_ecumenical_altar_pennies_from_heaven
D:3:      layout_loops_ring, grunt_dithmenos_smoke_and_mirrors, uniq_robin,
          uniq_pargi
D:4:      layout_basic, lemuel_mausoleum_altar_kikubaaqudgha,
          minmay_temple_entry_poolview

Skill      XL: |  1  2  3  4  5  6 |
---------------+-------------------+-----
Fighting       | 2 3 |  3.0
Ranged Weapons | 4 5 |  5.7
Dodging        | 2 3 |  3.0
Long Blades    | 2 |  2.2
Stealth        | 1 |  1.0

Action                   |  1- 3 |  4- 6 || total
-------------------------+-------+-------++-------
Melee: Long sword        |       |    26 ||    26
 Fire: Shortbow          |   131 |   129 ||   260
Armor: Leather armour    |    13 |     4 ||    17
       Ring mail         |       |    27 ||    27
Dodge: Dodged            |    28 |    76 ||   104
